 Dungeon Sprint DCSS version 0.31-a0-920-g28cbb04a8c (webtiles) character file.

Game seed: 13529636872417934292

12917 sircluck the Brawler (level 11, -9/131 HPs)
             Began as a Troll Berserker on Oct 17, 2023.
             Was the Champion of Trog.
             Killed from afar by a lindwurm (22 damage)
             ... with a blast of flame
             ... in the Dungeon (Sprint VII: "The Pits").
             The game lasted 00:04:07 (1424 turns).

sircluck the Brawler (Troll Berserker)              Turns: 1424, Time: 00:04:08

Health: -9/131     AC:  8    Str: 31    XL:     11   Next: 68%
Magic:  10/10      EV: 15    Int:  3    God:    Trog [******]
Gold:   0          SH:  0    Dex: 12    Spells: 10/10 levels left

rFire   . .          .
                       - Unarmed
rCold   . . .        (no shield)
rNeg    . . .        a - +0 animal skin
rPois   .            (helmet restricted)
rElec   .            n - +0 cloak
rCorr   .            (gloves unavailable)
SInv    .            (boots unavailable)
Will    .....        (no amulet)
Stlth   +            k - +3 ring of protection
HPRegen 1.21/turn    l - +3 ring of dexterity
MPRegen 0.12/turn

%: no teleportation
@: on berserk cooldown, slowed, very slow
A: large, unfitting armour, claws 3, regeneration 1, shaggy fur 1, tough skin 1
a: Renounce Religion, Berserk, Trog's Hand, Brothers in Arms


You were in the Dungeon.
You worshipped Trog.
Trog was exalted by your worship.
You visited 1 branch

Inventory:

Missiles
 s - 4 large rocks
Armour
 a - a +0 animal skin (worn)
 n - a +0 cloak (worn)
Jewellery
 k - a +3 ring of protection (left claw)
 l - a +3 ring of dexterity (right claw)
 q - a ring of poison resistance
 r - a ring of protection from fire
Wands
 p - a wand of flame (6)
Scrolls
 g - a scroll of blinking
 i - 2 scrolls of vulnerability
 j - a scroll of summoning
Potions
 b - 8 potions of curing
 c - 9 potions of heal wounds
 d - 3 potions of haste
 e - 4 potions of magic
 f - 3 potions of berserk rage
 h - 2 potions of invisibility
 m - a potion of mutation
 o - a potion of resistance


   Skills:
 + Level 14.9 Fighting
 + Level 14.7 Dodging
 + Level 17.3 Unarmed Combat


You had 10 spell levels left.
You didn't know any spells.
Your spell library was empty.

Dungeon Overview and Level Annotations

Branches:
Dungeon (1/1)

Altars:
Ashenzari
Cheibriados
Dithmenos
Elyvilon
Fedhas
Gozag
Hepliaklqana
Kikubaaqudgha
Makhleb
Nemelex Xobeh
Okawaru
Qazlal
Ru
Sif Muna
Trog
Uskayaw
Vehumet
Wu Jian
Xom
Yredelemnul
Zin
The Shining One
Jiyva
Lugonu


Innate Abilities, Weirdness & Mutations

You are too large for most types of armour.
You have claws for hands.
Your natural rate of healing is unusually fast.
You are covered in fur. (AC +1)
You have tough skin. (AC +1)


Message History

The merfolk impaler hits you with a +0 trident!
* * * LOW HITPOINT WARNING * * *
You barely miss the merfolk impaler. The merfolk completely misses you.
The quokka simulacrum misses you. The lindwurm misses you.
The lindwurm claws you but does no damage.
The lindwurm claws you.
* * * LOW HITPOINT WARNING * * *
You closely miss the merfolk impaler.
The merfolk impaler hits you but does no damage.
The merfolk hits you from afar with a +4 glaive!
* * * LOW HITPOINT WARNING * * *
The merfolk impaler hits you but does no damage.
The quokka simulacrum attacks as it pursues you!
The quokka simulacrum bites you but does no damage.
You see here a +4 antimagic halberd.
You feel a strong urge to attack something.
You are no longer berserk.
You are exhausted.
You feel yourself slow down.
There is an open door, spattered with blood here.
Items here: ))) [.
A merfolk opens the door.
You close the door, pushing everything out of the way.
A merfolk impaler opens the door.
You feel much better.
The merfolk impaler hits you from afar with a +0 trident!
* * * LOW HITPOINT WARNING * * *
The merfolk hits you from afar with a +0 halberd!
* * * LOW HITPOINT WARNING * * *
Unknown command.
Unknown command.
You eviscerate the lindwurm!!!
The lindwurm is almost dead.
The merfolk impaler hits you but does no damage.
The merfolk impaler hits you from afar with a +0 trident!
* * * LOW HITPOINT WARNING * * *
The merfolk barely misses you. The lindwurm breathes flames at you.
The blast of flame hits you!!
You die...

'#####''######################
....##''######### ####
....##.)....#...+ ###...#
....##....###)..### .#...#
<...##...##.')).+.## ....#
....##..##..##+##..##...#
....##..#..##...##.wZ...#
....##..#).#....)#).#...#
######..)).+....@km.'...+
######..#..#.....#m.#...#
..[[##.)#..##...##..+...#
!..[##..##..##'##..##...#
..))##...##.'...+.## ....
..))##....###†..## .#...
..))##......#...+
#################


You could see a merfolk impaler, a tyrant leech, a merfolk, a lindwurm (catching
breath) and a quokka simulacrum.

Vanquished Creatures
  A dire elephant (D)
  A merfolk javelineer (D)
  A hydra (D)
  A death knight (D)
  A deep troll (D)
  Pikel (D)
  A swamp dragon (D)
  A flayed ghost (D)
  A deep elf pyromancer (D)
  A lindwurm (D)
  An orc sorcerer (D)
  A cyclops (D)
  A black mamba (D)
  An eye of devastation (D)
  A gargoyle (D)
  A freezing wraith (D)
  A kobold demonologist (D)
  An ice devil (D)
  4 blink frogs (D)
  A snapping turtle (D)
  A flying skull (D)
  An air elemental (D)
  2 spriggans (D)
  A fire bat (D)
  An acid dragon (D)
  A water moccasin (D)
  2 floating eyes (D)
  An orc warrior (D)
  An ice beast (D)
  An ogre (D)
  A centaur (D)
  A scorpion (D)
  5 wights (D)
  6 killer bees (D)
  A hound (D)
  An orc priest (D)
  2 orc wizards (D)
  2 mummies (D)
  A gnoll (D)
  An adder simulacrum (D)
  10 orcs (D)
  A bat (D)
  3 giant cockroaches (D)
  2 jackals (D)
  A kobold (D)
  A quokka (D)
  A ball python (D)
  A ball python zombie (D)
  A giant cockroach zombie (D)
  A rat (D)
78 creatures vanquished.

Vanquished Creatures (collateral kills)
  A fire dragon (D)
  A vault guard (D)
  A vampire mage (D)
  A merfolk (D)
4 creatures vanquished.

Grand Total: 82 creatures vanquished

Notes
Turn   | Place    | Note
-------+----------+-------------------------------------------
     0 | D        | sircluck the Troll Berserker began the quest for the Orb.
     0 | D        | Reached XP level 1. HP: 22/22 MP: 0/0
    21 | D        | Found a bloodstained altar of Trog.
    21 | D        | Found a shimmering blue altar of Sif Muna.
    21 | D        | Found a viscous altar of Jiyva.
    21 | D        | Found a hazy altar of Hepliaklqana.
    21 | D        | Found an opulent altar of Gozag.
    22 | D        | Found a glowing golden altar of the Shining One.
    22 | D        | Found a glowing silver altar of Zin.
    22 | D        | Found a basalt altar of Yredelemnul.
    22 | D        | Found a shimmering altar of Xom.
    22 | D        | Found an ornate altar of the Wu Jian Council.
    22 | D        | Found a sacrificial altar of Ru.
    22 | D        | Found a stormy altar of Qazlal.
    22 | D        | Found an iron altar of Okawaru.
    22 | D        | Found a sparkling altar of Nemelex Xobeh.
    22 | D        | Found a burning altar of Makhleb.
    22 | D        | Found a blossoming altar of Fedhas.
    22 | D        | Found a white marble altar of Elyvilon.
    22 | D        | Found a shadowy altar of Dithmenos.
    22 | D        | Found a snail-covered altar of Cheibriados.
    26 | D        | Found a corrupted altar of Lugonu.
    26 | D        | Found a radiant altar of Vehumet.
    27 | D        | Found a broken altar of Ashenzari.
    27 | D        | Found an ancient bone altar of Kikubaaqudgha.
    27 | D        | Found a hide-covered altar of Uskayaw.
    69 | D        | Reached ** piety under Trog
    72 | D        | Noticed a scorpion
    75 | D        | Killed a scorpion
    76 | D        | Reached skill level 5 in Unarmed Combat
    76 | D        | Reached XP level 2. HP: 12/33 MP: 1/1
    76 | D        | Reached XP level 3. HP: 15/40 MP: 2/2
   114 | D        | Noticed a floating eye
   117 | D        | Noticed a floating eye
   117 | D        | Noticed an ogre
   117 | D        | Paralysed by a floating eye for 4 turns
   124 | D        | Paralysed by a floating eye for 2 turns
   127 | D        | Killed an ogre
   128 | D        | Reached skill level 5 in Fighting
   128 | D        | Reached skill level 5 in Dodging
   128 | D        | Reached skill level 6 in Unarmed Combat
   128 | D        | Reached XP level 4. HP: 23/50 MP: 3/3
   128 | D        | Reached XP level 5. HP: 26/57 MP: 4/4
   129 | D        | Paralysed by a floating eye for 2 turns
   132 | D        | Killed a floating eye
   132 | D        | Reached *** piety under Trog
   133 | D        | Reached skill level 7 in Unarmed Combat
   133 | D        | Paralysed by a floating eye for 3 turns
   137 | D        | Killed a floating eye
   138 | D        | Reached skill level 8 in Unarmed Combat
   138 | D        | Reached XP level 6. HP: 43/71 MP: 5/5
   207 | D        | Noticed Pikel
   221 | D        | Killed Pikel
   222 | D        | Reached skill level 10 in Unarmed Combat
   222 | D        | Reached XP level 7. HP: 81/81 MP: 6/6
   224 | D        | Reached **** piety under Trog
   246 | D        | Reached ***** piety under Trog
   313 | D        | Reached XP level 8. HP: 92/92 MP: 7/7
   318 | D        | Received a gift from Trog
   332 | D        | Noticed a blink frog
   332 | D        | Noticed a blink frog
   332 | D        | Noticed a blink frog
   332 | D        | Noticed a blink frog
   351 | D        | Killed a blink frog
   352 | D        | Reached skill level 11 in Unarmed Combat
   353 | D        | Killed a blink frog
   359 | D        | Killed a blink frog
   360 | D        | Reached skill level 10 in Fighting
   360 | D        | Killed a blink frog
   360 | D        | Received a gift from Trog
   361 | D        | Reached skill level 10 in Dodging
   472 | D        | Noticed a kobold demonologist
   477 | D        | Reached skill level 12 in Unarmed Combat
   477 | D        | Reached XP level 9. HP: 102/102 MP: 8/8
   480 | D        | Noticed a red devil
   480 | D        | Killed a kobold demonologist
   489 | D        | Noticed a five-headed hydra
   493 | D        | Killed an eight-headed hydra
   493 | D        | Received a gift from Trog
   494 | D        | Reached skill level 13 in Unarmed Combat
   497 | D        | Reached ****** piety under Trog
   633 | D        | Noticed a deep troll
   635 | D        | Noticed a flayed ghost
   661 | D        | Killed a deep troll
   665 | D        | Killed a flayed ghost
   666 | D        | Reached XP level 10. HP: 115/115 MP: 9/9
   729 | D        | Noticed a gargoyle
   729 | D        | Noticed an eye of devastation
   743 | D        | Killed an eye of devastation
   744 | D        | Reached skill level 14 in Unarmed Combat
   745 | D        | Killed a gargoyle
   745 | D        | Received a gift from Trog
   766 | D        | Noticed a lindwurm
   774 | D        | Killed a lindwurm
   816 | D        | Noticed a dire elephant
   844 | D        | Killed a dire elephant
   949 | D        | Reached skill level 15 in Unarmed Combat
   967 | D        | Noticed a swamp dragon
   977 | D        | Killed a swamp dragon
  1167 | D        | Noticed a vampire mage
  1167 | D        | Noticed a death knight
  1167 | D        | Noticed a black mamba
  1168 | D        | Noticed a vault guard
  1168 | D        | Noticed a merfolk javelineer
  1170 | D        | Noticed a fire dragon
  1173 | D        | Killed a fire dragon
  1174 | D        | Reached XP level 11. HP: 107/127 MP: 10/10
  1175 | D        | Killed a vampire mage
  1179 | D        | Reached skill level 16 in Unarmed Combat
  1181 | D        | Killed a merfolk javelineer
  1184 | D        | Killed a vault guard
  1188 | D        | Killed a death knight
  1295 | D        | Received a gift from Trog
  1312 | D        | Identified the +9 great mace "Lucy" {flame, rElec Str+3}
                  | (Trog gifted it to you in the Dungeon)
  1312 | D        | Received a gift from Trog
  1354 | D        | Noticed a deep elf pyromancer
  1364 | D        | Reached skill level 17 in Unarmed Combat
  1378 | D        | Killed a deep elf pyromancer
  1406 | D        | Noticed a lindwurm
  1406 | D        | Noticed a merfolk impaler
  1406 | D        | Noticed an orc sorcerer
  1412 | D        | Killed an orc sorcerer
  1412 | D        | Received a gift from Trog
  1424 | D        | Killed from afar by a lindwurm

Illustrated notes

Levels and vault maps discovered:
D:        pitsprint [storerooms_1, entrance_room_1, metal_vault_6, armoury_1,
          mini_pit_1, grid_room_1, main_hall_1, silver_pit, the_coven_1,
          the_vestibule_1, steel_vault_1, golden_pit, hallway_of_sentries,
          crystal_vault_1, iron_vault_3, final_vault]

Skill      XL: |  1  2  3  4  5  6  7  8  9 10 11 |
---------------+----------------------------------+-----
Fighting       | 4 5 7 8 9 10 11 13 14 | 14.9
Dodging        | 4 5 6 8 9 10 11 13 14 | 14.7
Unarmed Combat | 5 6 8 10 12 13 15 17 | 17.3

Action                     |  1- 3 |  4- 6 |  7- 9 | 10-12 || total
---------------------------+-------+-------+-------+-------++-------
  Melee: Unarmed           |    22 |    15 |    66 |   101 ||   204
         Punch             |     1 |       |     5 |    10 ||    16
 Invoke: Berserk           |       |     1 |     3 |     3 ||     7
         Brothers in Arms  |       |       |       |     3 ||     3
    Use: Potion            |       |       |       |     1 ||     1
 Armour: Animal skin       |    13 |    13 |    31 |    81 ||   138
  Dodge: Dodged            |    12 |     4 |    27 |    51 ||    94

Table legend: (Time is in decaauts)
 A = Elapsed time spent in this place.
 B = Non-inter-level travel time spent in this place.
 C = Inter-level travel time spent in this place.
 D = Time resting spent in this place.
 E = Time spent auto-exploring this place.
 F = Levels seen in this place.
 G = Mean time per level.
                   A        B        C        D        E       F      G
               +--------+--------+--------+--------+--------+-----+--------+
         Total |   1431 |   1394 |     37 |    438 |    306 |   1 | 1431.0 |
       Dungeon |   1431 |   1394 |     37 |    438 |    306 |   1 | 1431.0 |
               +--------+--------+--------+--------+--------+-----+--------+

Top non-repeatable levels by time:
       D: 1431 daAuts
